 Dungeon Crawl Stone Soup version 0.29-a0-284-gf9362112df (webtiles) character file.

Game seed: 10706283751087935772

11610 chopper the Basher (level 11, -1/105 HPs)
             Began as a Troll Fighter on Mar 27, 2022.
             Was a High Priest of Okawaru.
             Killed from afar by a manticore (7 damage)
             ... with a volley of spikes
             ... on level 11 of the Dungeon on Mar 28, 2022.
             The game lasted 02:21:52 (16599 turns).

chopper the Basher (Troll Fighter)                 Turns: 16599, Time: 02:21:52

Health: -1/105     AC:  7    Str: 38    XL:     11   Next: 51%
Magic:  0/10       EV: 11    Int:  4    God:    Okawaru [*****.]
Gold:   106        SH: 11    Dex: 13    Spells: 10/10 levels left

rFire   . . .      SeeInvis .   C - +3 flail (protect)
rCold   . . .      Faith    .   z - +2 kite shield
rNeg    . . .      Spirit   +   D - +0 steam dragon scales
rPois   .          Reflect  .   (helmet restricted)
rElec   .          Harm     .   (no cloak)
rCorr   .          Rampage  .   (gloves unavailable)
Will    .....                   (boots unavailable)
Stlth   ++........              h - amulet of guardian spirit
HPRegen 1.07/turn               s - +6 ring of strength
MPRegen 0.12/turn               g - +6 ring of strength

@: spiked
A: large, unfitting armour, claws 3, regeneration 1, shaggy fur 1, tough skin 1
a: Renounce Religion, Heroism, Finesse, Duel


You were on level 11 of the Dungeon.
You worshipped Okawaru.
Okawaru was extremely pleased with you.
You visited 2 branches of the dungeon, and saw 12 of its levels.

You collected 657 gold pieces.
You spent 551 gold pieces at shops.

Inventory:

Hand Weapons
 a - a +0 mace of protection
 d - a +2 dagger of speed
 A - a +5 flail
 B - a +2 dagger of flaming
 C - a +3 flail of protection (weapon)
 E - a +5 long sword of freezing
 G - the +4 demon blade of Trauma {elec, Will- Str+2 Int+3}
   (Okawaru gifted it to you on level 11 of the Dungeon)

   It occasionally discharges a powerful burst of electricity upon striking a
   foe.
   Str:       It affects your strength (+2).
   Int:       It affects your intelligence (+3).
   Will:      It decreases your willpower.
 H - a +0 hunting sling
 L - a +2 vampiric spear
Missiles
 f - 324 stones (quivered)
 m - 42 poisoned darts
 y - 2 throwing nets
Armour
 z - a +2 kite shield (worn)
 D - +0 steam dragon scales (worn)
Jewellery
 g - a +6 ring of strength (right claw)
 h - an amulet of guardian spirit (around neck)
 p - a ring of protection from cold
 s - a +6 ring of strength (left claw)
Wands
 b - a wand of flame (9)
 w - a wand of iceblast (6)
Scrolls
 e - 2 scrolls of teleportation
 i - 4 scrolls of fog
 k - 2 scrolls of amnesia
 o - a scroll of noise {unknown}
 q - 2 scrolls of immolation
 u - 4 scrolls of magic mapping
 F - a scroll of holy word
 J - 2 scrolls of enchant armour {unknown}
 K - a scroll of summoning
Potions
 c - 3 potions of might
 j - 3 potions of curing
 l - 4 potions of mutation
 n - 4 potions of flight
 r - 3 potions of lignification
 t - 3 potions of degeneration {unknown}
 x - 4 potions of brilliance {unknown}
 I - 3 potions of attraction {unknown}
Miscellaneous
 v - a lightning rod (inert)


   Skills:
 + Level 6.0 Fighting
 + Level 8.8 Maces & Flails
 + Level 1.4 Throwing
 + Level 7.3 Dodging
 + Level 2.5 Stealth
 + Level 7.2 Shields
 + Level 7.1 Unarmed Combat
 + Level 1.3 Evocations


You had 10 spell levels left.
You didn't know any spells.
Your spell library contained the following spells:

 Spells                   Type           Power      Damage    Failure   Level
 Foxfire                  Conj/Fire      0%         2x1d4     75%         1
 Pain                     Necr           0%         1d4       75%         1
 Shock                    Conj/Air       0%         1d3       75%         1
 Conjure Flame            Conj/Fire      0%         6-21      98%         3
 Dazzling Flash           Conj/Hex       0%         N/A       98%         3
 Ignite Poison            Fire/Tmut/Pois 0%         N/A       98%         3
 Inner Flame              Hex/Fire       0%         N/A       98%         3
 Mephitic Cloud           Conj/Pois/Air  0%         N/A       98%         3
 Ozocubu's Armour         Ice            0%         N/A       98%         3
 Portal Projectile        Hex/Tloc       0%         N/A       98%         3
 Swiftness                Air            0%         N/A       98%         3
 Vampiric Draining        Necr           0%         2d6       98%         3
 Airstrike                Air            0%         N/A       100%        4
 Flame Wave               Conj/Fire      0%         2d4       100%        4
 Olgreb's Toxic Radiance  Pois           0%         N/A       100%        4
 Sticky Flame             Conj/Fire      0%         2d3       100%        4
 Agony                    Necr           0%         N/A       100%        5
 Blade Hands              Tmut           0%         N/A       100%        5
 Excruciating Wounds      Necr           0%         N/A       100%        5
 Freezing Cloud           Conj/Ice/Air   0%         6-21      100%        5
 Metabolic Englaciation   Hex/Ice        0%         N/A       100%        5
 Silence                  Hex/Air        0%         N/A       100%        5
 Ozocubu's Refrigeration  Ice            0%         4d5       100%        7
 Ignition                 Fire           0%         3d3       100%        8
 Animate Skeleton         Necr           Unusable   N/A       N/A         1
 Simulacrum               Ice/Necr       Unusable   N/A       N/A         6

Dungeon Overview and Level Annotations

Branches:
Dungeon (11/15)            Temple (1/1) D:6            Lair (0/6) D:11
    Orc (0/2) D:11

Altars:
Ashenzari
Cheibriados
Dithmenos
Elyvilon
Fedhas
Gozag
Hepliaklqana
Kikubaaqudgha
Makhleb
Nemelex Xobeh
Okawaru
Qazlal
Ru
Sif Muna
Trog
Uskayaw
Vehumet
Wu Jian
Xom
Yredelemnul
Zin
The Shining One
Beogh

Shops:
D:6 *   D:7 *   D:8 [


Innate Abilities, Weirdness & Mutations

You are too large for most types of armour.
You have claws for hands.
Your natural rate of healing is unusually fast.
You are covered in fur. (AC +1)
You have tough skin. (AC +1)


Message History

Your surroundings suddenly seem different.
A manticore comes into view.
Found 13 gold pieces.
The manticore flicks its tail.
The volley of spikes misses you.
The manticore flicks its tail.
The volley of spikes hits you!
The barbed spikes become lodged in your body.
* * * LOW HITPOINT WARNING * * *
The barbs in your skin will harm you if you move.
Continue?
Okay, then.
Aiming: Thunderbolt
Press: ? - help, Shift-Dir - straight line, f - manticore
Aim: a manticore The thunderbolt hits the manticore.
The manticore is lightly wounded.
The lightning rod overheats!
Aiming: Iceblast
Press: ? - help, Shift-Dir - straight line, f/p - manticore
Aim: a manticore (lightly wounded)
The mass of ice explodes!
The iceblast engulfs the manticore!!
The manticore is heavily wounded.
The manticore flicks its tail.
The volley of spikes hits you!
The barbed spikes become lodged in your body.
* * * LOW HITPOINT WARNING * * *
Aiming: Iceblast
Press: ? - help, Shift-Dir - straight line, f/p - manticore
Aim: a manticore (heavily wounded)
The mass of ice explodes!
The iceblast engulfs the manticore!
The manticore is heavily wounded.
Aiming: Iceblast
Press: ? - help, Shift-Dir - straight line, f/p - manticore
Aim: a manticore (heavily wounded)
The mass of ice explodes!
The iceblast engulfs the manticore!
The manticore is severely wounded.
The manticore flicks its tail.
The volley of spikes hits you!
The barbed spikes become lodged in your body.
You die...

.......
##.......
##........
#.........
#...$.......
#...........
#...........
#.@.H.......
#...........
#...........
#..........#
##.........#
##........#
##......##
#...####
#####


You could see a manticore.

Vanquished Creatures
  A two-headed ogre (D:11)
  A manticore (D:9)
  2 cyclopes (D:11)
  A gargoyle (D:7)
  3 kobold demonologists
  A hornet (D:9)
  A wraith (D:10)
  16 yaks
  7 humans (D:7)
  3 wyverns
  A steam dragon (D:7)
  Menkaure (D:6)
  2 acid dragons (D:9)
  2 water moccasins (D:9)
  A black bear (D:8)
  5 orc warriors
  Duvessa (D:5)
  An ice beast (D:7)
  A sky beast (D:6)
  4 centaurs
  5 ogres
  8 kobold brigands
  3 bullfrogs
  3 gnoll sergeants
  A scorpion (D:5)
  10 wights
  Dowan (D:5)
  A killer bee (D:9)
  6 howler monkeys
  A lava snake (D:7)
  2 hounds (D:4)
  2 jellies
  4 orc priests
  2 iguanas
  Natasha (thrice) (D:2)
  5 orc wizards
  8 gnolls
  9 adders
  A shadow imp (D:6)
  An ufetubus (D:5)
  A worm (D:2)
  4 dart slugs
  39 orcs
  7 ball pythons
  4 bats
  10 endoplasms
  3 giant cockroaches
  12 goblins
  10 hobgoblins
  6 jackals
  25 kobolds
  2 quokkas
  5 frilled lizards
  5 rats
264 creatures vanquished.

Vanquished Creatures (others)
  24 plants
24 creatures vanquished.

Grand Total: 288 creatures vanquished

Notes
Turn   | Place    | Note
-------+----------+-------------------------------------------
     0 | D:1      | chopper the Troll Fighter began the quest for the Orb.
     0 | D:1      | Reached XP level 1. HP: 22/22 MP: 0/0
   211 | D:1      | Reached XP level 2. HP: 28/29 MP: 1/1
   223 | D:1      | Found a shimmering altar of Xom.
   952 | D:2      | Reached XP level 3. HP: 28/36 MP: 0/2
  1124 | D:2      | Noticed Natasha
  1132 | D:2      | Killed Natasha
  1208 | D:2      | Found a faded altar of an unknown god.
  1369 | D:2      | Reached XP level 4. HP: 44/44 MP: 3/3
  1624 | D:2      | Noticed Natasha
  1645 | D:2      | Killed Natasha
  2000 | D:2      | Noticed Natasha
  2009 | D:2      | Killed Natasha
  2256 | D:3      | Reached XP level 5. HP: 52/52 MP: 4/4
  2671 | D:3      | Found a hide-covered altar of Uskayaw.
  2750 | D:3      | Found a blossoming altar of Fedhas.
  3412 | D:4      | Noticed an ogre
  3425 | D:4      | Killed an ogre
  3426 | D:4      | Reached XP level 6. HP: 44/61 MP: 3/5
  3454 | D:4      | Found a bloodstained altar of Trog.
  4430 | D:5      | Entered Level 5 of the Dungeon
  4815 | D:5      | Reached skill level 5 in Unarmed Combat
  4842 | D:5      | Reached XP level 7. HP: 30/67 MP: 2/6
  5300 | D:5      | Noticed Duvessa
  5300 | D:5      | Noticed Dowan
  5369 | D:5      | Killed Duvessa
  5373 | D:5      | Killed Dowan
  5374 | D:5      | Reached skill level 1 in Stealth
  6352 | D:6      | Found a staircase to the Ecumenical Temple.
  6358 | Temple   | Entered the Ecumenical Temple
  6624 | Temple   | Became a worshipper of Warmaster Okawaru
  6719 | D:6      | Noticed Menkaure
  6746 | D:6      | Killed Menkaure
  6747 | D:6      | Reached XP level 8. HP: 49/78 MP: 4/7
  7017 | D:6      | Found a hazy altar of Hepliaklqana.
  7046 | D:6      | Found Caismu's Elemental Accessories.
  7100 | D:6      | Found an ancient bone altar of Kikubaaqudgha.
  7325 | D:7      | Reached * piety under Okawaru
  7351 | D:7      | Reached skill level 1 in Maces & Flails
  7730 | D:7      | Reached skill level 2 in Maces & Flails
  7932 | D:7      | Found a white marble altar of Elyvilon.
  7949 | D:7      | Reached skill level 3 in Maces & Flails
  7997 | D:7      | Reached XP level 9. HP: 72/84 MP: 6/8
  8084 | D:6      | Reached ** piety under Okawaru
  8149 | D:7      | Reached skill level 5 in Dodging
  8241 | D:7      | Found Orphy Yra's Gadget Gallery.
  8266 | D:7      | Found a basalt altar of Yredelemnul.
  8294 | D:7      | Noticed a gargoyle
  8348 | D:7      | Reached skill level 4 in Maces & Flails
  8464 | D:7      | Killed a gargoyle
  8543 | D:7      | Bought a lightning rod (4/4) for 330 gold pieces
  9233 | D:7      | Reached skill level 5 in Maces & Flails
  9233 | D:7      | Reached skill level 5 in Shields
  9317 | D:7      | Reached skill level 1 in Evocations
  9318 | D:7      | Reached *** piety under Okawaru
  9348 | D:7      | Reached skill level 6 in Maces & Flails
  9348 | D:7      | Reached XP level 10. HP: 94/94 MP: 9/9
  9363 | D:7      | Reached skill level 5 in Fighting
  9699 | D:7      | Found a snail-covered altar of Cheibriados.
 10075 | D:8      | Reached **** piety under Okawaru
 10382 | D:7      | Reached skill level 7 in Maces & Flails
 10426 | D:8      | Found Netuogame's Antique Armour Emporium.
 11365 | D:6      | Bought a wand of iceblast (7) for 143 gold pieces
 11365 | D:6      | Bought a wand of flame (10) for 78 gold pieces
 12418 | D:9      | Found a glowing golden altar of the Shining One.
 12620 | D:9      | Noticed an orange demon
 12872 | D:9      | Noticed a sixfirhy
 12942 | D:9      | Noticed a smoke demon
 13300 | D:9      | Reached ***** piety under Okawaru
 13448 | D:9      | Reached XP level 11. HP: 92/104 MP: 8/10
 13706 | D:9      | Reached skill level 8 in Maces & Flails
 13944 | D:9      | Found an ornate altar of the Wu Jian Council.
 14043 | D:9      | Found a sacrificial altar of Ru.
 14069 | D:9      | Paralysed by a hornet for 1 turns
 14072 | D:9      | Paralysed by a hornet for 1 turns
 14074 | D:9      | Paralysed by a hornet for 3 turns
 14469 | D:10     | Entered Level 10 of the Dungeon
 15364 | D:11     | Noticed a two-headed ogre
 15373 | D:11     | Killed a two-headed ogre
 15373 | D:11     | Identified the +4 demon blade of Trauma {elec, Will- Str+2
                  | Int+3} (Okawaru gifted it to you on level 11 of the
                  | Dungeon)
 15373 | D:11     | Received a gift from Okawaru
 15485 | D:11     | Found a staircase to the Lair.
 15566 | D:11     | Reached skill level 1 in Throwing
 16210 | D:11     | Found a staircase to the Orcish Mines.
 16597 | D:11     | HP: 4/105 [manticore/volley of spikes (16)]
 16599 | D:11     | Killed from afar by a manticore

Illustrated notes

Levels and vault maps discovered:
D:1:      co_arrival_random_square_maze, layout_loops_ring, minmay_hexomino_r4
D:2:      layout_basic, shapermc_ecumenical_altar_mp_highgroup,
          minmay_fractal_squares_gapless_5, uniq_natasha
D:3:      layout_basic, mainiacjoe_overflow_tiny_flanked,
          nicolae_uskayaw_suspiria
D:4:      minmay_clustersquares, layout_loops_corners,
          trog_three_pillars_becter, grunt_ministairs_6, minmay_crystal_water,
          minmay_liquid_box
D:5:      layout_basic, uniq_duvessa
D:6:      layout_cave_pools, mainiacjoe_overflow_small_starburst,
          worldfamousw_hep_ancestral_shrine, minmay_temple_entry_fiery,
          nicolae_elemental_shop, uniq_menkaure
D:7:      erik_cavepeople, layout_basic, elyvilon_altar_5,
          mainiacjoe_overflow_chevrons, marbit_many_paths, st_stairs_6,
          kennysheep_decorative_pillar, mrwooster_statue_mirror,
          hangedman_glass_teeth, grunt_decor_fettered, nicolae_shop_gadgets
D:8:      layout_basic, serial_shops, kennysheep_mini_moat
D:9:      kennysheep_windowed_halls, layout_gridville, tso_oasis_becter,
          nzn_wu_jian_council_hall, kennysheep_little_box, enter_bailey_3
D:10:     layout_roguey, serial_curves, eino_curves_01, eino_curves_03
D:11:     layout_cave_pods, lair_entry_dummy, minmay_orc_entry_temple_small,
          serial_shops, nicolae_shop_trees, minivault_10
Temple:   minmay_temple_curvy_loop

Skill      XL: |  1  2  3  4  5  6  7  8  9 10 11 |
---------------+----------------------------------+-----
Dodging        | 3 4 5 6 7 |  7.3
Shields        | 3 4 5 6 7 |  7.2
Unarmed Combat | 3 4 5 6 7 |  7.1
Fighting       | 3 4 5 6 |  6.0
Stealth        | 1 2 |  2.5
Maces & Flails | 3 6 7 8 |  8.8
Evocations     | 1 |  1.3
Throwing       | 1 |  1.4

Action                   |  1- 3 |  4- 6 |  7- 9 | 10-12 || total
-------------------------+-------+-------+-------+-------++-------
Melee: Unarmed           |    70 |   166 |    71 |       ||   307
       Flail             |       |       |   202 |   426 ||   628
Throw: Stone             |       |       |     5 |    31 ||    36
Evoke: Wand              |       |       |     9 |    14 ||    23
       Lightning rod     |       |       |       |     6 ||     6
  Use: Scroll            |       |     8 |     8 |     4 ||    20
       Potion            |       |       |     2 |     5 ||     7
 Stab: Sleeping          |       |       |     1 |       ||     1
       Distracted        |       |       |       |     2 ||     2
Armor: Robe              |    26 |    32 |    49 |       ||   107
       Steam dragon scal |       |       |    44 |   184 ||   228
Dodge: Dodged            |    26 |    40 |   139 |   249 ||   454
Block: Kite shield       |    24 |    52 |   138 |   331 ||   545

Table legend: (Time is in decaauts)
 A = Elapsed time spent in this place.
 B = Non-inter-level travel time spent in this place.
 C = Inter-level travel time spent in this place.
 D = Time resting spent in this place.
 E = Time spent auto-exploring this place.
 F = Levels seen in this place.
 G = Mean time per level.
                   A        B        C        D        E       F      G
               +--------+--------+--------+--------+--------+-----+--------+
         Total |  16727 |  16727 |      0 |    562 |      0 |  12 | 1393.9 |
       Dungeon |  16433 |  16433 |      0 |    562 |      0 |  11 | 1493.9 |
        Temple |    293 |    293 |      0 |      0 |      0 |   1 |  293.0 |
               +--------+--------+--------+--------+--------+-----+--------+

Top non-repeatable levels by time:
     D:7: 2895 daAuts
     D:9: 2625 daAuts
     D:8: 1542 daAuts
     D:5: 1461 daAuts
     D:4: 1451 daAuts
     D:3: 1226 daAuts
     D:2: 1213 daAuts
    D:11: 1210 daAuts
     D:6: 1021 daAuts
    D:10: 941 daAuts
     D:1: 844 daAuts
  Temple: 293 daAuts
